Sharks vs Lightning

Created - February 12, 2020 at 19:19

Goals
1 2 3 T
Sharks 0 0 3 3
Lightning 0 2 0 2
Shots
1 2 3 T
Sharks 8 7 3 18
Lightning 14 9 13 36

1st period

No Goal

Penalties :
Nikita Kucherov (TB.) for Hooking (Minor) at 3:52, Cameron Schilling (TB.) for Hooking (Minor) at 6:34, T.J. Hensick (SJS) for Tripping (Minor) at 13:06, Justin Schultz (TB.) for Hooking (Minor) at 18:34

2nd period

1. Lightning , Henrik Zetterberg 20 (Tyler Johnson 23, Kris Versteeg 15) at 6:07 (PP)
2. Lightning , Jaden Schwartz 9 (Daniel Carcillo 18, Mark Scheifele 7) at 11:58 (PP)

Penalties :
Jason Spezza (SJS) for Hooking (Minor) at 5:53, T.J. Hensick (SJS) for Tripping (Minor) at 11:34

3rd period

3. Sharks , Jason Spezza 25 (Drew Doughty 46, Mike Cammalleri 13) at 0:14
4. Sharks , Drew Doughty 20 (Jason Spezza 31) at 19:02
5. Sharks , David Rundblad 1 (Andrej Sekera 5) at 19:16

Penalties :
T.J. Hensick (SJS) for Tripping (Minor) at 1:21, Matt Corrente (SJS) for Holding (Minor) at 9:33, Stefan Ruzicka (SJS) for Slashing (Double Minor) at 11:53

Goalie Stats

Ryan Miller (SJS), 34 saves from 36 shots - (0.944), W, 17-15-5, 59:44 minutes
Jhonas Enroth (TB.), 15 saves from 18 shots - (0.833), L, 3-2-0, 59:22 minutes

Players Stats for Sharks

Player Name              G  A  P  +/- PIM S  H  SB GA TA FO     MP     PP MP  PK MP  
------------------------------------------------------------------------------------
Adam Larsson             0  0  0   0  0   0  2  0  0  0  0/0    15:11   0:00   4:32 
Alec Martinez            0  0  0   1  0   0  0  0  0  0  0/0     3:33   0:00   0:00 
Andrej Sekera            0  1  1   1  0   0  3  2  0  0  0/0    22:37   2:38   4:32 
Ben Lovejoy              0  0  0   1  0   0  2  1  0  0  0/0    23:40   3:19   6:02 
Bobby Butler             0  0  0   2  0   0  1  0  0  1  0/0    15:55   3:19   0:00 
David Rundblad           1  0  1   1  0   1  1  0  0  0  0/0    13:57   0:00   0:00 
Drew Doughty             1  1  2   2  0   3  1  2  0  1  0/0    27:56   3:19   6:02 
Jason Spezza             1  1  2   2  2   3  2  0  1  1  13/32  25:20   3:09   4:59 
Jiri Tlusty              0  0  0   0  0   1  0  0  0  0  0/0     6:15   0:00   0:00 
Luke Adam                0  0  0   1  0   1  0  0  0  0  1/3    13:57   2:38   1:07 
Martins Karsums          0  0  0   0  0   1  2  0  0  0  1/2    16:34   2:38   0:00 
Matt Corrente            0  0  0   0  2   1  1  0  0  2  0/0    13:14   2:38   0:00 
Mike Cammalleri          0  1  1   2  0   3  0  1  1  0  3/3    21:14   3:09   5:32 
Milan Michalek           0  0  0   0  0   0  1  1  0  0  0/0    20:50   2:38   4:17 
Oskar Osala              0  0  0   1  0   2  1  0  0  0  1/1    11:12   0:10   0:27 
Stefan Ruzicka           0  0  0   1  4   0  0  0  0  0  1/3    12:42   0:00   2:10 
T.J. Hensick             0  0  0   0  6   1  0  0  0  0  3/9    16:58   0:00   2:36 
Zach Boychuk             0  0  0   0  0   1  1  0  0  0  1/1     8:15   0:10   0:00 

Players Stats for Lightning

Player Name              G  A  P  +/- PIM S  H  SB GA TA FO     MP     PP MP  PK MP  
------------------------------------------------------------------------------------
Andy Rogers              0  0  0  -1  0   1  0  1  1  1  0/0    23:26   5:33   3:42 
Cameron Schilling        0  0  0   0  2   1  0  0  0  0  0/0    11:47   0:00   0:42 
Daniel Carcillo          0  1  1  -1  0   0  0  0  0  0  0/1    14:58   0:38   3:32 
Henrik Zetterberg        1  0  1  -2  0   7  0  0  0  0  2/2    19:39   5:01   0:29 
Jack Skille              0  0  0   0  0   0  0  0  0  0  0/0     7:10   0:00   0:00 
Jaden Schwartz           1  0  1   0  0   7  3  1  1  0  0/0    17:41   5:33   0:00 
James Wright             0  0  0   0  0   0  0  0  0  0  1/2    10:10   0:00   0:09 
Jon Merrill              0  0  0  -2  0   2  0  0  0  0  0/0    26:07   5:01   3:42 
Justin Schultz           0  0  0  -1  2   4  0  1  0  0  0/0    22:23   5:33   1:33 
Kris Versteeg            0  1  1   0  0   2  3  0  0  1  0/0    17:53   5:01   0:00 
Mark Scheifele           0  1  1  -1  0   2  1  0  0  0  12/20  20:47   5:33   2:12 
Mikael Backlund          0  0  0   0  0   4  2  0  0  0  1/3     6:25   0:00   0:00 
Nikita Kucherov          0  0  0  -2  2   2  2  0  2  0  0/0    18:20   4:55   0:00 
Patrick Kaleta           0  0  0  -1  0   1  0  0  0  0  0/0    11:37   0:00   1:56 
Pierre-Luc Létourneau    0  0  0   0  0   0  0  0  0  0  0/0     6:25   0:00   0:00 
Rasmus Ristolainen       0  0  0  -2  0   0  1  0  1  0  0/0    23:08   5:01   0:00 
Theo Peckham             0  0  0   0  0   1  1  0  0  0  0/0    13:26   0:00   2:15 
Tyler Johnson            0  1  1  -2  0   2  1  0  0  0  14/26  22:38   5:01   3:36 

3 Stars

1 - Drew Doughty (SJS)
2 - Jason Spezza (SJS)
3 - Ryan Miller (SJS)

Power Play

Sharks - 0 on 3 Attempt(s) - 0.00%
Lightning - 2 on 7 Attempt(s) - 28.57%

Penalty Kill

Sharks - 5 on 7 Attempt(s) - 71.43% - Score 0 goal in Penalty Kill
Lightning - 3 on 3 Attempt(s) - 100.00% - Score 0 goal in Penalty Kill

Team Stat

Sharks - Hits : 18 - Faceoff Wins : 24 - Blocked Shots : 7 - Penalty Minutes : 14
Lightning - Hits : 14 - Faceoff Wins : 30 - Blocked Shots : 3 - Penalty Minutes : 6

Official

Referees : Unknown
Linesman : Unknown

Game Notes

No Game Note

Finance

Level 1 -- Attendance: 4191 (69.85%) -- Ticket Income $481,965
Level 2 -- Attendance: 4573 (91.46%) -- Ticket Income $292,672
Level 3 -- Attendance: 1556 (77.80%) -- Ticket Income $68,464
Level 4 -- Attendance: 2688 (67.20%) -- Ticket Income $107,520
Luxury Box -- Attendance: 760 (76.00%) -- Ticket Income $163,400
Game was played at the Tampa Bay Stadium.
Total Attendance: 13768 (76.49%)
Total Ticket Income: $1,114,021
Other Income: $167,103
Total Income: $1,281,124

Sharks

5 vs 5 Forward 
   Center                   Left Wing                Right Wing               Time % Phy DF OF 
 1 Jason Spezza             Mike Cammalleri          Bobby Butler             40     1   2  2  
 2 T.J. Hensick             Milan Michalek           Martins Karsums          30     1   2  2  
 3 Luke Adam                Oskar Osala              Stefan Ruzicka           20     1   2  2  
 4 Jason Spezza             Zach Boychuk             Jiri Tlusty              10     1   2  2  

5 vs 5 Defense 
   Defense                  Defense                                           Time % Phy DF OF 
 1 Drew Doughty             Ben Lovejoy                                       40     1   2  2  
 2 Andrej Sekera            David Rundblad                                    30     1   2  2  
 3 Adam Larsson             Matt Corrente                                     20     1   2  2  
 4 Alec Martinez            Drew Doughty                                      10     1   2  2  

PowerPlay Forward 
   Center                   Left Wing                Right Wing               Time % Phy DF OF 
 1 Jason Spezza             Mike Cammalleri          Bobby Butler             60     1   2  2  
 2 Luke Adam                Milan Michalek           Martins Karsums          40     1   2  2  

PowerPlay Defense
   Defense                  Defense                                           Time % Phy DF OF 
 1 Drew Doughty             Ben Lovejoy                                       60     1   2  2  
 2 Andrej Sekera            Matt Corrente                                     40     1   2  2  

Penalty Kill 4 Players Forward 
   Center                   Wing                     Time % Phy DF OF 
 1 Jason Spezza             Mike Cammalleri          60     1   4  0  
 2 T.J. Hensick             Milan Michalek           40     1   4  0  

Penalty Kill 4 Players Defense
   Defense                  Defense                  Time % Phy DF OF 
 1 Drew Doughty             Ben Lovejoy              60     1   4  0  
 2 Andrej Sekera            Adam Larsson             40     1   4  0  

Penalty Kill - 3 Players Forward 
   Forward                                           Time % Phy DF OF 
 1 Jason Spezza                                      60     1   4  0  
 2 T.J. Hensick                                      40     1   4  0  

Penalty Kill - 3 Players Defense
   Defense                  Defense                  Time % Phy DF OF 
 1 Drew Doughty             Ben Lovejoy              60     1   4  0  
 2 Andrej Sekera            Adam Larsson             40     1   4  0  

4 vs 4 Forward 
   Center                   Wing                     Time % Phy DF OF 
 1 Jason Spezza             Mike Cammalleri          60     1   2  2  
 2 T.J. Hensick             Milan Michalek           40     1   2  2  

4 vs 4 Defense
   Defense                  Defense                  Time % Phy DF OF 
 1 Drew Doughty             Ben Lovejoy              60     1   2  2  
 2 Andrej Sekera            Alec Martinez            40     1   2  2  

Last Minutes Offensive
   Center                   Left Wing                Right Wing               Defense                  Defense                  
   Jason Spezza             Mike Cammalleri          Bobby Butler             Drew Doughty             Ben Lovejoy              

Last Minutes Defensive
   Center                   Left Wing                Right Wing               Defense                  Defense                  
   Jason Spezza             Milan Michalek           T.J. Hensick             Drew Doughty             Andrej Sekera            

Goaltenders
Starting : Ryan Miller              
Backup : Anders Nilsson           

Extra Forwards
Normal : Oskar Osala, Zach Boychuk, Stefan Ruzicka - PP : Oskar Osala, Zach Boychuk - PK : Stefan Ruzicka
Extra Defensemen
Normal : David Rundblad, Matt Corrente, Alec Martinez - PP : David Rundblad - PK : Matt Corrente, Alec Martinez
Penalty Shots
Jason Spezza, Mike Cammalleri, Milan Michalek, Luke Adam, Oskar Osala

Scratches
Brandon Dubinsky (Strained Right Knee Injury), Nikolai Kulemin (Healthy)

Lightning

5 vs 5 Forward 
   Center                   Left Wing                Right Wing               Time % Phy DF OF 
 1 Tyler Johnson            Henrik Zetterberg        Nikita Kucherov          40     0   2  3  
 2 Mark Scheifele           Jaden Schwartz           Kris Versteeg            35     0   2  3  
 3 James Wright             Daniel Carcillo          Patrick Kaleta           20     1   2  2  
 4 Mikael Backlund          Pierre-Luc Létourneau    Jack Skille              5      1   2  2  

5 vs 5 Defense 
   Defense                  Defense                                           Time % Phy DF OF 
 1 Jon Merrill              Rasmus Ristolainen                                40     0   2  3  
 2 Justin Schultz           Andy Rogers                                       30     0   2  3  
 3 Theo Peckham             Cameron Schilling                                 20     1   3  1  
 4 Jon Merrill              Rasmus Ristolainen                                10     0   2  3  

PowerPlay Forward 
   Center                   Left Wing                Right Wing               Time % Phy DF OF 
 1 Tyler Johnson            Henrik Zetterberg        Kris Versteeg            50     0   1  4  
 2 Mark Scheifele           Jaden Schwartz           Nikita Kucherov          50     0   1  4  

PowerPlay Defense
   Defense                  Defense                                           Time % Phy DF OF 
 1 Jon Merrill              Rasmus Ristolainen                                60     0   1  4  
 2 Justin Schultz           Andy Rogers                                       40     0   2  3  

Penalty Kill 4 Players Forward 
   Center                   Wing                     Time % Phy DF OF 
 1 Tyler Johnson            Daniel Carcillo          60     1   3  1  
 2 Mark Scheifele           Patrick Kaleta           40     1   3  1  

Penalty Kill 4 Players Defense
   Defense                  Defense                  Time % Phy DF OF 
 1 Andy Rogers              Jon Merrill              60     1   3  1  
 2 Justin Schultz           Theo Peckham             40     1   3  1  

Penalty Kill - 3 Players Forward 
   Forward                                           Time % Phy DF OF 
 1 Tyler Johnson                                     60     1   3  1  
 2 Mark Scheifele                                    40     1   3  1  

Penalty Kill - 3 Players Defense
   Defense                  Defense                  Time % Phy DF OF 
 1 Andy Rogers              Jon Merrill              60     1   3  1  
 2 Justin Schultz           Theo Peckham             40     1   3  1  

4 vs 4 Forward 
   Center                   Wing                     Time % Phy DF OF 
 1 Tyler Johnson            Nikita Kucherov          60     0   2  3  
 2 Mark Scheifele           Kris Versteeg            40     1   2  2  

4 vs 4 Defense
   Defense                  Defense                  Time % Phy DF OF 
 1 Jon Merrill              Rasmus Ristolainen       60     0   2  3  
 2 Justin Schultz           Andy Rogers              40     1   2  2  

Last Minutes Offensive
   Center                   Left Wing                Right Wing               Defense                  Defense                  
   Mark Scheifele           Henrik Zetterberg        Kris Versteeg            Justin Schultz           Rasmus Ristolainen       

Last Minutes Defensive
   Center                   Left Wing                Right Wing               Defense                  Defense                  
   Tyler Johnson            Daniel Carcillo          Patrick Kaleta           Andy Rogers              Jon Merrill              

Goaltenders
Starting : Jhonas Enroth            
Backup : Jaroslav Halak           

Extra Forwards
Normal : Jaden Schwartz, Kris Versteeg, Nikita Kucherov - PP : Daniel Carcillo, Patrick Kaleta - PK : Daniel Carcillo
Extra Defensemen
Normal : Theo Peckham, Cameron Schilling, Jon Merrill - PP : Theo Peckham - PK : Cameron Schilling, Theo Peckham
Penalty Shots
Mark Scheifele, Kris Versteeg, Nikita Kucherov, Jaden Schwartz, Tyler Johnson

Scratches
Paul Ranger (Healthy), Tyler Cuma (Fractured Bone in Right Hand Injury)

% Time on Ice - Sharks

Lines # - Real PCT - Wanted PCT - Time Play
Normal Forward
1 - 29% - 40% - 12:15
2 - 34% - 30% - 14:29
3 - 22% - 20% - 9:29
4 - 15% - 10% - 6:15
Normal Defense
1 - 34% - 40% - 14:19
2 - 35% - 30% - 14:44
3 - 24% - 20% - 10:10
4 - 8% - 10% - 3:15
PP Forward
1 - 56% - 60% - 3:19
2 - 44% - 40% - 2:38
PP Defense
1 - 56% - 60% - 3:19
2 - 44% - 40% - 2:38
PK Forward
1 - 71% - 60% - 7:28
2 - 29% - 40% - 3:06
PK Defense
1 - 57% - 60% - 6:02
2 - 43% - 40% - 4:32
PK3 Forward
1 - 0% - 60%
2 - 0% - 40%
PK3 Defense
1 - 0% - 60%
2 - 0% - 40%
44 Forward
1 - 0% - 60%
2 - 0% - 40%
44 Defense
1 - 0% - 60%
2 - 0% - 40%
Last Minute Offensive  - 0:18
Last Minute Defensive  - 0:43
Total
Forward - 60:00
Defense - 60:00

% Time on Ice - Lightning

Lines # - Real PCT - Wanted PCT - Time Play
Normal Forward
1 - 31% - 40% - 13:11
2 - 32% - 35% - 13:29
3 - 22% - 20% - 9:30
4 - 15% - 5% - 6:25
Normal Defense
1 - 39% - 40% - 16:40
2 - 34% - 30% - 14:27
3 - 25% - 20% - 10:44
4 - 2% - 10% - 0:44
PP Forward
1 - 47% - 50% - 5:01
2 - 53% - 50% - 5:33
PP Defense
1 - 47% - 60% - 5:01
2 - 53% - 40% - 5:33
PK Forward
1 - 68% - 60% - 4:01
2 - 32% - 40% - 1:56
PK Defense
1 - 62% - 60% - 3:42
2 - 38% - 40% - 2:15
PK3 Forward
1 - 0% - 60%
2 - 0% - 40%
PK3 Defense
1 - 0% - 60%
2 - 0% - 40%
44 Forward
1 - 0% - 60%
2 - 0% - 40%
44 Defense
1 - 0% - 60%
2 - 0% - 40%
Last Minute Offensive  - 0:43
Last Minute Defensive  - 0:11
Total
Forward - 60:00
Defense - 60:00

Play-by-Play

1st period


0:01 of 1st period - Jason Spezza wins face-off versus Tyler Johnson in neutral zone.
0:08 of 1st period - Slapshot by Jason Spezza.
0:08 of 1st period - Shot Misses the Net.
0:10 of 1st period - Snap shot by Mike Cammalleri.
0:10 of 1st period - Stopped by Jhonas Enroth with a rebound.
0:12 of 1st period - Slapshot by Drew Doughty.
0:12 of 1st period - Deflect By Mike Cammalleri.
0:12 of 1st period - Deflect By Henrik Zetterberg.
0:12 of 1st period - Stopped by Jhonas Enroth with a rebound.
0:57 of 1st period - Snap shot by Stefan Ruzicka.
0:57 of 1st period - Shot Misses the Net.
1:37 of 1st period - Wrist shot by Mikael Backlund.
1:37 of 1st period - Stopped by Ryan Miller with a rebound.
2:43 of 1st period - Snap shot by Nikita Kucherov.
2:43 of 1st period - Stopped by Ryan Miller with a rebound.
2:45 of 1st period - Wrist shot by Mikael Backlund.
2:45 of 1st period - Stopped by Ryan Miller without a rebound.
2:46 of 1st period - Mikael Backlund wins face-off versus T.J. Hensick in Sharks zone.
2:59 of 1st period - Wrist shot by Mikael Backlund.
2:59 of 1st period - Shot Misses the Net.
3:01 of 1st period - Slapshot by Jon Merrill.
3:01 of 1st period - Stopped by Ryan Miller with a rebound.
3:08 of 1st period - Icing by Andrej Sekera.
3:09 of 1st period - Mark Scheifele wins face-off versus Jason Spezza in Sharks zone.
3:12 of 1st period - Snap shot by Jaden Schwartz.
3:12 of 1st period - Stopped by Ryan Miller without a rebound.
3:13 of 1st period - Jason Spezza wins face-off versus Mark Scheifele in Sharks zone.
3:19 of 1st period - Icing by Kris Versteeg.
3:20 of 1st period - Mark Scheifele wins face-off versus Jason Spezza in Lightning zone.
3:39 of 1st period - Jason Spezza is hit by Jaden Schwartz and loses puck.
3:44 of 1st period - Wrist shot by Jaden Schwartz.
3:44 of 1st period - Stopped by Ryan Miller without a rebound.
3:45 of 1st period - T.J. Hensick wins face-off versus Tyler Johnson in Sharks zone.
3:45 of 1st period - T.J. Hensick is hit by Rasmus Ristolainen.
3:52 of 1st period - Minor Penalty to Nikita Kucherov for Hooking.
3:53 of 1st period - Tyler Johnson wins face-off versus Jason Spezza in Lightning zone.
4:54 of 1st period - Justin Schultz is hit by Andrej Sekera and loses puck.
5:52 of 1st period - Penalty to Nikita Kucherov is over, Nikita Kucherov is back on ice.
6:00 of 1st period - Off-side.
6:01 of 1st period - Jason Spezza wins face-off versus Mikael Backlund in neutral zone.
6:04 of 1st period - Slapshot by Drew Doughty.
6:04 of 1st period - Stopped by Jhonas Enroth with a rebound.
6:34 of 1st period - Minor Penalty to Cameron Schilling for Hooking.
6:35 of 1st period - Jason Spezza wins face-off versus Tyler Johnson in Lightning zone.
7:05 of 1st period - Jon Merrill is hit by Andrej Sekera and loses puck.
7:45 of 1st period - Wrist shot by Martins Karsums.
7:45 of 1st period - Shot Misses the Net.
7:47 of 1st period - Backhand shot by Matt Corrente.
7:47 of 1st period - Stopped by Jhonas Enroth with a rebound.
7:49 of 1st period - Slapshot by Luke Adam.
7:49 of 1st period - Stopped by Jhonas Enroth without a rebound.
7:50 of 1st period - Jason Spezza wins face-off versus Mark Scheifele in Lightning zone.
7:57 of 1st period - Slapshot by Drew Doughty.
7:57 of 1st period - Deflect By Mike Cammalleri.
7:57 of 1st period - Stopped by Jhonas Enroth without a rebound.
7:58 of 1st period - Jason Spezza wins face-off versus Mark Scheifele in Lightning zone.
8:05 of 1st period - Slapshot by Jason Spezza.
8:05 of 1st period - Shot Misses the Net.
8:07 of 1st period - Slapshot by Drew Doughty.
8:07 of 1st period - Shot Blocked by Andy Rogers.
8:11 of 1st period - Wrist shot by Drew Doughty.
8:11 of 1st period - Shot Misses the Net.
8:34 of 1st period - Penalty to Cameron Schilling is over, Cameron Schilling is back on ice.
8:42 of 1st period - Off-side.
8:43 of 1st period - Stefan Ruzicka wins face-off versus Mark Scheifele in neutral zone.
9:01 of 1st period - Icing by Jaden Schwartz.
9:02 of 1st period - Mark Scheifele wins face-off versus Jason Spezza in Lightning zone.
9:28 of 1st period - Mark Scheifele is hit by Milan Michalek and loses puck.
9:37 of 1st period - Slapshot by Milan Michalek.
9:37 of 1st period - Deflect By T.J. Hensick.
9:37 of 1st period - Stopped by Jhonas Enroth without a rebound.
9:38 of 1st period - Tyler Johnson wins face-off versus T.J. Hensick in Lightning zone.
9:47 of 1st period - Snap shot by Nikita Kucherov.
9:47 of 1st period - Stopped by Ryan Miller with a rebound.
9:53 of 1st period - Snap shot by Tyler Johnson.
9:53 of 1st period - Shot Misses the Net.
9:55 of 1st period - Snap shot by Rasmus Ristolainen.
9:55 of 1st period - Deflect By Henrik Zetterberg.
9:55 of 1st period - Shot Misses the Net.
9:55 of 1st period - Puck is out of play.
9:56 of 1st period - Mike Cammalleri wins face-off versus Mark Scheifele in Sharks zone.
9:56 of 1st period - Mike Cammalleri is hit by Kris Versteeg.
10:10 of 1st period - Wrist shot by Jason Spezza.
10:10 of 1st period - Shot Misses the Net.
10:12 of 1st period - Snap shot by Drew Doughty.
10:12 of 1st period - Shot Misses the Net.
11:14 of 1st period - Slapshot by Mikael Backlund.
11:14 of 1st period - Shot Misses the Net.
11:34 of 1st period - Justin Schultz is hit by Andrej Sekera and loses puck.
11:41 of 1st period - Wrist shot by Jiri Tlusty.
11:41 of 1st period - Stopped by Jhonas Enroth with a rebound.
12:43 of 1st period - Snap shot by Henrik Zetterberg.
12:43 of 1st period - Shot Blocked by Andrej Sekera.
12:45 of 1st period - Wrist shot by Henrik Zetterberg.
12:45 of 1st period - Shot Blocked by Andrej Sekera.
12:47 of 1st period - Wrist shot by Justin Schultz.
12:47 of 1st period - Stopped by Ryan Miller without a rebound.
12:48 of 1st period - Mark Scheifele wins face-off versus T.J. Hensick in Sharks zone.
12:59 of 1st period - Snap shot by Mark Scheifele.
12:59 of 1st period - Shot Misses the Net.
13:01 of 1st period - Slapshot by Cameron Schilling.
13:01 of 1st period - Stopped by Ryan Miller without a rebound.
13:02 of 1st period - Mark Scheifele wins face-off versus T.J. Hensick in Sharks zone.
13:03 of 1st period - Snap shot by Jaden Schwartz.
13:03 of 1st period - Stopped by Ryan Miller without a rebound.
13:04 of 1st period - T.J. Hensick wins face-off versus Mark Scheifele in Sharks zone.
13:06 of 1st period - Minor Penalty to T.J. Hensick for Tripping.
13:07 of 1st period - Mark Scheifele wins face-off versus Stefan Ruzicka in Sharks zone.
14:45 of 1st period - Jon Merrill is hit by Drew Doughty and loses puck.
15:06 of 1st period - Penalty to T.J. Hensick is over, T.J. Hensick is back on ice.
15:14 of 1st period - Wrist shot by Mikael Backlund.
15:14 of 1st period - Stopped by Ryan Miller without a rebound.
15:15 of 1st period - T.J. Hensick wins face-off versus Mikael Backlund in Sharks zone.
15:29 of 1st period - Theo Peckham is hit by Martins Karsums and loses puck.
17:15 of 1st period - Wrist shot by Jaden Schwartz.
17:15 of 1st period - Shot Misses the Net.
17:17 of 1st period - Snap shot by Jaden Schwartz.
17:17 of 1st period - Stopped by Ryan Miller with a rebound.
17:21 of 1st period - Snap shot by Mark Scheifele.
17:21 of 1st period - Shot Blocked by Ben Lovejoy.
17:23 of 1st period - Slapshot by Justin Schultz.
17:23 of 1st period - Stopped by Ryan Miller with a rebound.
17:41 of 1st period - Slapshot by Theo Peckham.
17:41 of 1st period - Stopped by Ryan Miller with a rebound.
18:05 of 1st period - Oskar Osala is hit by Theo Peckham and loses puck.
18:34 of 1st period - Minor Penalty to Justin Schultz for Hooking.
18:35 of 1st period - Tyler Johnson wins face-off versus Jason Spezza in Lightning zone.
18:47 of 1st period - Off-side.
18:48 of 1st period - Jason Spezza wins face-off versus Tyler Johnson in neutral zone.
Goals for this period are 0 for Sharks vs 0 for Lightning .
Shots for this period are 8 for Sharks vs 14 for Lightning .

2nd period


0:01 of 2nd period - Tyler Johnson wins face-off versus Jason Spezza in neutral zone.
0:34 of 2nd period - Penalty to Justin Schultz is over, Justin Schultz is back on ice.
0:51 of 2nd period - Off-side.
0:52 of 2nd period - Mark Scheifele wins face-off versus Luke Adam in neutral zone.
1:25 of 2nd period - Snap shot by Jason Spezza.
1:25 of 2nd period - Stopped by Jhonas Enroth with a rebound.
1:45 of 2nd period - Snap shot by Martins Karsums.
1:45 of 2nd period - Stopped by Jhonas Enroth without a rebound.
1:46 of 2nd period - Mark Scheifele wins face-off versus Jason Spezza in Lightning zone.
1:48 of 2nd period - Jaden Schwartz is hit by Ben Lovejoy and loses puck.
2:01 of 2nd period - Wrist shot by Jason Spezza.
2:01 of 2nd period - Stopped by Jhonas Enroth without a rebound.
2:02 of 2nd period - Jason Spezza wins face-off versus Tyler Johnson in Lightning zone.
2:09 of 2nd period - Snap shot by Henrik Zetterberg.
2:09 of 2nd period - Stopped by Ryan Miller with a rebound.
2:25 of 2nd period - Drew Doughty is hit by Jaden Schwartz and loses puck.
3:48 of 2nd period - Wrist shot by Kris Versteeg.
3:48 of 2nd period - Stopped by Ryan Miller without a rebound.
3:49 of 2nd period - Luke Adam wins face-off versus Daniel Carcillo in Sharks zone.
5:21 of 2nd period - Drew Doughty is hit by Tyler Johnson and loses puck.
5:53 of 2nd period - Minor Penalty to Jason Spezza for Hooking.
5:54 of 2nd period - Tyler Johnson wins face-off versus Stefan Ruzicka in Sharks zone.
6:07 of 2nd period - Snap shot by Henrik Zetterberg.
6:07 of 2nd period - Goal by Henrik Zetterberg - Sharks : 0 - Lightning : 1.
6:08 of 2nd period - Tyler Johnson wins face-off versus Jason Spezza in neutral zone.
6:08 of 2nd period - Tyler Johnson is hit by Ben Lovejoy.
7:00 of 2nd period - Daniel Carcillo is hit by Jason Spezza and loses puck.
7:30 of 2nd period - Off-side.
7:31 of 2nd period - Martins Karsums wins face-off versus Tyler Johnson in neutral zone.
7:38 of 2nd period - T.J. Hensick is hit by Nikita Kucherov and loses puck.
7:57 of 2nd period - Kris Versteeg is hit by Jason Spezza.
8:09 of 2nd period - Slapshot by Drew Doughty.
8:09 of 2nd period - Shot Blocked by Jaden Schwartz.
8:19 of 2nd period - Luke Adam is hit by Mikael Backlund and loses puck.
9:20 of 2nd period - Off-side.
9:21 of 2nd period - Mike Cammalleri wins face-off versus Tyler Johnson in neutral zone.
9:32 of 2nd period - Slapshot by Drew Doughty.
9:32 of 2nd period - Stopped by Jhonas Enroth with a rebound.
9:42 of 2nd period - Jon Merrill is hit by Oskar Osala and loses puck.
9:47 of 2nd period - Slapshot by Oskar Osala.
9:47 of 2nd period - Stopped by Jhonas Enroth with a rebound.
9:49 of 2nd period - Wrist shot by Luke Adam.
9:49 of 2nd period - Shot Misses the Net.
9:51 of 2nd period - Wrist shot by Oskar Osala.
9:51 of 2nd period - Stopped by Jhonas Enroth with a rebound.
10:45 of 2nd period - Snap shot by Nikita Kucherov.
10:45 of 2nd period - Shot Misses the Net.
11:34 of 2nd period - Minor Penalty to T.J. Hensick for Tripping.
11:35 of 2nd period - Mark Scheifele wins face-off versus Jason Spezza in Sharks zone.
11:44 of 2nd period - Wrist shot by Mark Scheifele.
11:44 of 2nd period - Stopped by Ryan Miller without a rebound.
11:45 of 2nd period - Mark Scheifele wins face-off versus Jason Spezza in Sharks zone.
11:58 of 2nd period - Snap shot by Jaden Schwartz.
11:58 of 2nd period - Goal by Jaden Schwartz - Sharks : 0 - Lightning : 2.
11:59 of 2nd period - Mike Cammalleri wins face-off versus Mark Scheifele in neutral zone.
12:12 of 2nd period - Slapshot by Jaden Schwartz.
12:12 of 2nd period - Deflect By Kris Versteeg.
12:12 of 2nd period - Stopped by Ryan Miller without a rebound.
12:13 of 2nd period - Tyler Johnson wins face-off versus Jason Spezza in Sharks zone.
12:16 of 2nd period - Wrist shot by Henrik Zetterberg.
12:16 of 2nd period - Stopped by Ryan Miller with a rebound.
14:22 of 2nd period - Off-side.
14:23 of 2nd period - Tyler Johnson wins face-off versus Jason Spezza in neutral zone.
14:28 of 2nd period - Snap shot by Tyler Johnson.
14:28 of 2nd period - Shot Misses the Net.
14:30 of 2nd period - Slapshot by Tyler Johnson.
14:30 of 2nd period - Stopped by Ryan Miller without a rebound.
14:31 of 2nd period - Jason Spezza wins face-off versus Tyler Johnson in Sharks zone.
14:36 of 2nd period - Slapshot by Ben Lovejoy.
14:36 of 2nd period - Shot Misses the Net.
14:58 of 2nd period - Slapshot by Ben Lovejoy.
14:58 of 2nd period - Shot Blocked by Justin Schultz.
15:16 of 2nd period - Slapshot by Henrik Zetterberg.
15:16 of 2nd period - Shot Misses the Net.
15:18 of 2nd period - Slapshot by Justin Schultz.
15:18 of 2nd period - Stopped by Ryan Miller without a rebound.
15:19 of 2nd period - Oskar Osala wins face-off versus James Wright in Sharks zone.
15:44 of 2nd period - Zach Boychuk is hit by Mikael Backlund and loses puck.
18:08 of 2nd period - Ben Lovejoy is hit by Mark Scheifele and loses puck.
18:47 of 2nd period - Snap shot by Zach Boychuk.
18:47 of 2nd period - Stopped by Jhonas Enroth with a rebound.
19:50 of 2nd period - Icing by Drew Doughty.
19:51 of 2nd period - Zach Boychuk wins face-off versus Tyler Johnson in Sharks zone.
19:56 of 2nd period - Cameron Schilling is hit by Zach Boychuk and loses puck.
Goals for this period are 0 for Sharks vs 2 for Lightning .
Shots for this period are 7 for Sharks vs 9 for Lightning .

3rd period


0:01 of 3rd period - Jason Spezza wins face-off versus Tyler Johnson in neutral zone.
0:14 of 3rd period - Wrist shot by Jason Spezza.
0:14 of 3rd period - Goal by Jason Spezza - Sharks : 1 - Lightning : 2.
0:15 of 3rd period - Tyler Johnson wins face-off versus Jason Spezza in neutral zone.
0:20 of 3rd period - Snap shot by Rasmus Ristolainen.
0:20 of 3rd period - Shot Blocked by Drew Doughty.
0:22 of 3rd period - Slapshot by Jon Merrill.
0:22 of 3rd period - Stopped by Ryan Miller with a rebound.
0:28 of 3rd period - Slapshot by Henrik Zetterberg.
0:28 of 3rd period - Stopped by Ryan Miller with a rebound.
0:30 of 3rd period - Slapshot by Rasmus Ristolainen.
0:30 of 3rd period - Shot Misses the Net.
1:04 of 3rd period - Off-side.
1:05 of 3rd period - Mark Scheifele wins face-off versus T.J. Hensick in neutral zone.
1:19 of 3rd period - Snap shot by Jaden Schwartz.
1:19 of 3rd period - Stopped by Ryan Miller with a rebound.
1:21 of 3rd period - Minor Penalty to T.J. Hensick for Tripping.
1:22 of 3rd period - Tyler Johnson wins face-off versus Jason Spezza in Sharks zone.
1:48 of 3rd period - Mike Cammalleri is hit by Nikita Kucherov and loses puck.
3:21 of 3rd period - Penalty to T.J. Hensick is over, T.J. Hensick is back on ice.
3:34 of 3rd period - James Wright is hit by Martins Karsums and loses puck.
3:47 of 3rd period - Jack Skille is hit by David Rundblad and loses puck.
4:12 of 3rd period - Theo Peckham is hit by Bobby Butler and loses puck.
4:29 of 3rd period - Pierre-Luc Létourneau is hit by Matt Corrente and loses puck.
7:05 of 3rd period - Wrist shot by Mikael Backlund.
7:05 of 3rd period - Stopped by Ryan Miller with a rebound.
7:43 of 3rd period - Jason Spezza is hit by Kris Versteeg and loses puck.
8:06 of 3rd period - Wrist shot by Henrik Zetterberg.
8:06 of 3rd period - Deflect By Tyler Johnson.
8:06 of 3rd period - Stopped by Ryan Miller with a rebound.
8:12 of 3rd period - Henrik Zetterberg is hit by Adam Larsson and loses puck.
9:20 of 3rd period - Snap shot by Daniel Carcillo.
9:20 of 3rd period - Deflect By Patrick Kaleta.
9:20 of 3rd period - Stopped by Ryan Miller with a rebound.
9:22 of 3rd period - Slapshot by Justin Schultz.
9:22 of 3rd period - Shot Misses the Net.
9:24 of 3rd period - Slapshot by Andy Rogers.
9:24 of 3rd period - Deflect By David Rundblad.
9:24 of 3rd period - Stopped by Ryan Miller without a rebound.
9:25 of 3rd period - James Wright wins face-off versus Martins Karsums in Sharks zone.
9:33 of 3rd period - Minor Penalty to Matt Corrente for Holding.
9:34 of 3rd period - Jason Spezza wins face-off versus Tyler Johnson in Sharks zone.
11:33 of 3rd period - Penalty to Matt Corrente is over, Matt Corrente is back on ice.
11:53 of 3rd period - Double Minor Penalty to Stefan Ruzicka for Slashing.
11:54 of 3rd period - Tyler Johnson wins face-off versus Jason Spezza in Sharks zone.
11:54 of 3rd period - Snap shot by Kris Versteeg.
11:54 of 3rd period - Shot Misses the Net.
11:56 of 3rd period - Snap shot by Kris Versteeg.
11:56 of 3rd period - Shot Misses the Net.
11:58 of 3rd period - Snap shot by Tyler Johnson.
11:58 of 3rd period - Shot Misses the Net.
12:00 of 3rd period - Snap shot by Henrik Zetterberg.
12:00 of 3rd period - Stopped by Ryan Miller without a rebound.
12:01 of 3rd period - Tyler Johnson wins face-off versus Jason Spezza in Sharks zone.
12:22 of 3rd period - Slapshot by Justin Schultz.
12:22 of 3rd period - Deflect By Jaden Schwartz.
12:22 of 3rd period - Stopped by Ryan Miller with a rebound.
13:25 of 3rd period - Wrist shot by Mark Scheifele.
13:25 of 3rd period - Stopped by Ryan Miller with a rebound.
14:01 of 3rd period - Wrist shot by Kris Versteeg.
14:01 of 3rd period - Shot Blocked by Mike Cammalleri.
14:03 of 3rd period - Slapshot by Justin Schultz.
14:03 of 3rd period - Stopped by Ryan Miller without a rebound.
14:04 of 3rd period - Tyler Johnson wins face-off versus Jason Spezza in Sharks zone.
14:12 of 3rd period - Slapshot by Rasmus Ristolainen.
14:12 of 3rd period - Deflect By Tyler Johnson.
14:12 of 3rd period - Shot Blocked by Drew Doughty.
14:12 of 3rd period - Puck is out of play.
14:13 of 3rd period - Jason Spezza wins face-off versus Tyler Johnson in Sharks zone.
14:56 of 3rd period - Slapshot by Rasmus Ristolainen.
14:56 of 3rd period - Shot Misses the Net.
14:58 of 3rd period - Slapshot by Jon Merrill.
14:58 of 3rd period - Deflect By Kris Versteeg.
14:58 of 3rd period - Shot Misses the Net.
14:58 of 3rd period - Puck is out of play.
14:59 of 3rd period - Mark Scheifele wins face-off versus T.J. Hensick in Sharks zone.
15:48 of 3rd period - T.J. Hensick is hit by Jaden Schwartz and loses puck.
15:53 of 3rd period - Penalty to Stefan Ruzicka is over, Stefan Ruzicka is back on ice.
16:30 of 3rd period - T.J. Hensick is hit by Kris Versteeg and loses puck.
18:00 of 3rd period - James Wright is hit by Adam Larsson and loses puck.
18:46 of 3rd period - Sharks, Ryan Miller is pulled from the net.
19:02 of 3rd period - Slapshot by Drew Doughty.
19:02 of 3rd period - Goal by Drew Doughty - Sharks : 2 - Lightning : 2.
19:02 of 3rd period - Ryan Miller from Sharks was sent back in the game.
19:03 of 3rd period - Tyler Johnson wins face-off versus Luke Adam in neutral zone.
19:10 of 3rd period - Slapshot by Tyler Johnson.
19:10 of 3rd period - Shot Misses the Net.
19:16 of 3rd period - Slapshot by David Rundblad.
19:16 of 3rd period - Goal by David Rundblad - Sharks : 3 - Lightning : 2.
19:17 of 3rd period - Henrik Zetterberg wins face-off versus Jason Spezza in neutral zone.
19:22 of 3rd period - Lightning , Jhonas Enroth is pulled from the net.
19:38 of 3rd period - Slapshot by Henrik Zetterberg.
19:38 of 3rd period - Shot Blocked by Milan Michalek.
19:50 of 3rd period - Wrist shot by Henrik Zetterberg.
19:50 of 3rd period - Stopped by Ryan Miller without a rebound.
19:51 of 3rd period - Mike Babcock call a timeout for Lightning .
19:51 of 3rd period - Henrik Zetterberg wins face-off versus Jason Spezza in Sharks zone.
19:56 of 3rd period - Slapshot by Henrik Zetterberg.
19:56 of 3rd period - Stopped by Ryan Miller without a rebound.
19:57 of 3rd period - Jason Spezza wins face-off versus Mark Scheifele in Sharks zone.
Goals for this period are 3 for Sharks vs 0 for Lightning .
Shots for this period are 3 for Sharks vs 13 for Lightning .